 Dungeon Crawl Stone Soup version 0.27.1-33-g824d729ab1 (webtiles) character file.

Game seed: 16057964318936530084

277 ces the Covert (level 6, 0/30 HPs)
             Began as a Spriggan Hunter on Dec 13, 2021.
             Killed by divine providence
             ... invoked by an orc priest
              (15 damage)
             ... on level 4 of the Dungeon.
             The game lasted 00:05:20 (3437 turns).

ces the Covert (Spriggan Hunter)                    Turns: 3437, Time: 00:05:21

Health: 0/30       AC:  2    Str:  8    XL:     6   Next: 4%
Magic:  7/7        EV: 17    Int: 13    God:
Gold:   1          SH:  0    Dex: 17    Spells: 5/5 levels left

rFire    . . .     SeeInvis +   a - +1 hand crossbow
rCold    . . .     Faith    .   (shield restricted)
rNeg     . . .     Spirit   .   c - +0 robe
rPois    .         Reflect  .   (helmet restricted)
rElec    .         Harm     .   (no cloak)
rCorr    .         Rampage  .   (gloves unavailable)
Will     +....                  (boots unavailable)
Stlth    ++++......             (no amulet)
HPRegen  0.10/turn              (no ring)
MPRegen  0.10/turn              (no ring)

@: very quick
A: very small, no large weapons, unfitting armour, see invisible, speed 3,
talons 1, deterioration 1
a: no special abilities


You were on level 4 of the Dungeon.
You visited 1 branch of the dungeon, and saw 4 of its levels.

You collected 27 gold pieces.
You spent 26 gold pieces at shops.

Inventory:

Hand Weapons
 a - a +1 hand crossbow (weapon)
 b - a +0 short sword
Missiles
 d - 12 bolts (quivered ammo)
Armour
 c - a +0 robe (worn)
Jewellery
 p - the ring of the Princeling {rElec rN+}
   (You found it on level 4 of the Dungeon)

   [ring of positive energy]

   rElec:     It insulates you from electricity.
   rN:        It protects you from negative energy.
Wands
 m - a wand of flame (7)
Scrolls
 e - a scroll of fog {unknown}
 f - a scroll of teleportation
 i - a scroll of amnesia {unknown}
 n - a scroll of identify
 o - a scroll of acquirement {unknown}
Potions
 g - 2 potions of haste
 h - a potion of ambrosia {unknown}
 j - a potion of resistance {unknown}
 k - a potion of attraction
 l - 3 potions of curing {unknown}


   Skills:
 - Level 1.5 Fighting
 - Level 1.8 Short Blades
 - Level 4.0 Crossbows
 - Level 2.6 Dodging
 * Level 9.1 Stealth


You had 5 spell levels left.
You didn't know any spells.
Your spell library contained the following spells:

 Spells                   Type           Power      Damage    Failure   Level
 Beastly Appendage        Tmut           0%         N/A       30%         1
 Wereblood                Tmut           0%         N/A       43%         2
 Spider Form              Tmut/Pois      0%         N/A       67%         3


Dungeon Overview and Level Annotations

Branches:
Dungeon (4/15)
 Temple: D:4-7

Altars:
Dithmenos
Elyvilon
Hepliaklqana
Ru

Shops:
D:3 ::?


Innate Abilities, Weirdness & Mutations

You are very small and have problems with some larger weapons.
You are too small for most types of armour.
You have supernaturally acute eyesight. (SInv)
You cover ground extremely quickly. (Speed+++)
You have sharp toenails.
Your body sometimes deteriorates upon taking damage.


Message History

Aim: a phantom (severely damaged, 57% to hit)
You shoot a bolt. The bolt hits the phantom.
The phantom is almost destroyed.
Fire: 14 bolts
Press: ? - help, Q - select action, (/) - cycle Shift-Dir - straight line, f/p - phantom
Aim: a phantom (almost destroyed, 57% to hit)
You shoot a bolt. The bolt hits the phantom.
The phantom is almost destroyed.
Fire: 13 bolts
Press: ? - help, Q - select action, (/) - cycle Shift-Dir - straight line, f/p - phantom
Aim: a phantom (almost destroyed, 57% to hit)
You shoot a bolt. The bolt hits the phantom.
The phantom is almost destroyed.
An orc and an orc priest come into view.
The orc shouts!
The orc priest shouts!
An orc comes into view. It is wielding a +0 dagger.
Fire: 12 bolts
Press: ? - help, Q - select action, (/) - cycle Shift-Dir - straight line, f/p - phantom
Aim: a phantom (almost destroyed, 57% to hit)
You shoot a bolt. The bolt closely misses the phantom.
Fire: 11 bolts
Press: ? - help, Q - select action, (/) - cycle Shift-Dir - straight line, f/p - phantom
Aim: a phantom (almost destroyed, 57% to hit)
You shoot a bolt. The bolt hits the phantom!
You destroy the phantom!
You feel your strength returning.
Your Stealth skill increases to level 9!
You have reached level 6!
Your experience leads to an increase in your attributes!
Increase (S)trength, (I)ntelligence, or (D)exterity?
You feel agile.
An orc comes into view. It is wielding a +0 mace.
You see here a bolt.
d - 11 bolts (gained 1)
You see here a bolt.
d - 12 bolts (gained 1)
The orc priest invokes the aid of Beogh against you.
Beogh smites you!
Ouch! That really hurt!
You die...

###.#.#
#....(#
###.###.# ...
#(# #.###.#
#.....#
###.###
##o########.#
#...oo.o...@#
#o.##########


You could see an orc priest and 2 orcs.

Vanquished Creatures
  An ogre (D:4)
  A phantom (D:4)
  An iguana (D:3)
  Robin (D:3)
  An adder (D:3)
  3 dart slugs
  3 bats (D:3)
  5 endoplasms
  2 giant cockroaches
  6 hobgoblins
  3 quokkas
  8 ball pythons
  4 frilled lizards
  13 goblins
  10 kobolds
  7 rats
69 creatures vanquished.

Notes
Turn   | Place    | Note
-------+----------+-------------------------------------------
     0 | D:1      | ces the Spriggan Hunter began the quest for the Orb.
     0 | D:1      | Reached XP level 1. HP: 10/10 MP: 2/2
    43 | D:1      | Reached skill level 2 in Stealth
   340 | D:1      | Reached skill level 1 in Short Blades
   488 | D:1      | Reached XP level 2. HP: 14/14 MP: 3/3
   765 | D:1      | Reached skill level 3 in Stealth
  1468 | D:2      | Reached XP level 3. HP: 15/18 MP: 4/4
  1541 | D:2      | Found a shadowy altar of Dithmenos.
  1702 | D:2      | Reached skill level 4 in Stealth
  1977 | D:3      | Found Fil Saps's Book Boutique.
  2022 | D:3      | Found a sacrificial altar of Ru.
  2022 | D:3      | Found a hazy altar of Hepliaklqana.
  2022 | D:3      | Found a white marble altar of Elyvilon.
  2108 | D:3      | Noticed Robin
  2157 | D:2      | Reached skill level 5 in Stealth
  2488 | D:3      | Reached XP level 4. HP: 22/22 MP: 5/5
  2493 | D:3      | Killed Robin
  2573 | D:3      | Found Faemnunt's Magic Scroll Emporium.
  2582 | D:3      | Bought a scroll of identify for 26 gold pieces
  2586 | D:3      | Gained mutation: Your body sometimes deteriorates upon
                  | taking damage. [potion of mutation]
  2586 | D:3      | Gained mutation: You have sharp toenails. [potion of
                  | mutation]
  2620 | D:3      | Reached skill level 6 in Stealth
  2976 | D:3      | Found Tugauzxe's Book Shoppe.
  3113 | D:4      | Noticed an ogre
  3119 | D:4      | Killed an ogre
  3120 | D:4      | Reached skill level 8 in Stealth
  3120 | D:4      | Reached XP level 5. HP: 25/25 MP: 6/6
  3351 | D:4      | Identified the ring of the Princeling {rElec rN+}
  3378 | D:4      | Noticed a phantom
  3431 | D:4      | Killed a phantom
  3432 | D:4      | Reached skill level 9 in Stealth
  3432 | D:4      | Reached XP level 6. HP: 15/30 MP: 7/7
  3437 | D:4      | Killed from afar by an orc priest

Illustrated notes

Levels and vault maps discovered:
D:1:      lemuel_arrival_rhombus, layout_loops_cross, minmay_quantized
D:2:      minmay_kobold_bridge, layout_basic, basic_altar
D:3:      layout_rooms, chequers_temple_overflow_statue_of_worship,
          serial_shops, shop_statue, shop_statue, nicolae_shop_window_shopping,
          uniq_robin
D:4:      layout_loops_ring, mainiacjoe_overflow_alcove_1,
          mainiacjoe_overflow_concentric_impassable,
          minmay_temple_entry_antechambers, corner_web_ring

Skill      XL: |  1  2  3  4  5 |
---------------+----------------+-----
Stealth        | 2 3 5 8 9 |  9.1
Short Blades   | 1 |  1.8
Fighting       | |  1.5
Crossbows      | |  4.0
Dodging        | |  2.6

Action                   |  1- 3 |  4- 6 || total
-------------------------+-------+-------++-------
Melee: Short sword       |   106 |    15 ||   121
       Kick              |       |     3 ||     3
 Fire: Hand crossbow     |    51 |    34 ||    85
  Use: Scroll            |       |     4 ||     4
       Potion            |       |     1 ||     1
 Stab: Sleeping          |    13 |     3 ||    16
Armor: Robe              |     6 |       ||     6
Dodge: Dodged            |   106 |    27 ||   133
